 Dungeon Crawl Stone Soup version 0.31-a0-7-g51783674b7 (webtiles) character file.

Game seed: 9499436837137115182

11206 Dittersdorf the Blocker (level 11, -1/73 HPs)
             Began as a Gargoyle Fighter on May 5, 2023.
             Was the Champion of Okawaru.
             Slain by an orc knight
             ... wielding a +0 broad axe
              (3 damage)
             ... on level 1 of the Orcish Mines.
             The game lasted 00:13:34 (11752 turns).

Dittersdorf the Blocker (Gargoyle Fighter)         Turns: 11752, Time: 00:13:35

Health: -1/73      AC: 30    Str: 24    XL:     11   Next: 74%
Magic:  11/11      EV:  7    Int:  9    God:    Okawaru [******]
Gold:   831        SH:  6    Dex:  9    Spells: 10/10 levels left

rFire   . . .        F - +3 morningstar
rCold   . . .        c - +0 buckler
rNeg    + . .        D - +0 plate armour
rPois   ∞            a - +0 hat {Stlth+}
rElec   +            z - +2 cloak
rCorr   .            (no gloves)
SInv    .            (no boots)
Will    .....        m - amulet of faith Stlth
                     h - +4 ring of slaying
HPRegen 0.32/turn    y - +4 ring of protection
MPRegen 0.12/turn

%: faith
@: no status effects
A: sickness immunity, AC +8, negative energy resistance 1, electricity
resistance, torment resistance 1, petrification resistance
a: Renounce Religion, Heroism, Finesse, Duel


You were on level 1 of the Orcish Mines.
You worshipped Okawaru.
Okawaru was exalted by your worship.
You visited 3 branches of the dungeon, and saw 13 of its levels.

You collected 831 gold pieces.

Inventory:

Hand Weapons
 F - a +3 morningstar (weapon)
Missiles
 A - 6 curare-tipped darts (quivered)
 B - a throwing net
Armour
 a - a +0 hat of stealth (worn)
 c - a +0 buckler (worn)
 z - a +2 cloak (worn)
 D - a +0 plate armour (worn)
Jewellery
 h - a +4 ring of slaying (left hand)
 m - an amulet of faith (around neck)
 o - a ring of flight
 s - an amulet of the acrobat
 x - a ring of protection from cold
 y - a +4 ring of protection (right hand)
Scrolls
 g - a scroll of noise
 i - a scroll of fear
 k - 5 scrolls of teleportation
 p - 2 scrolls of poison
 t - 2 scrolls of identify
 u - a scroll of blinking
 w - 2 scrolls of enchant weapon
Potions
 b - 4 potions of magic
 d - 2 potions of might
 e - 2 potions of cancellation
 f - a potion of flight
 j - 3 potions of brilliance
 l - a potion of berserk rage
 n - 10 potions of heal wounds
 q - a potion of invisibility
 r - 4 potions of curing
 v - 2 potions of attraction
 C - a potion of haste


   Skills:
 + Level 10.6 Fighting
 + Level 9.4 Maces & Flails
 + Level 10.6 Armour
 + Level 10.6 Shields


You had 10 spell levels left.
You didn't know any spells.
Your spell library contained the following spells:

 Spells                   Type           Power      Damage    Failure   Level
 Magic Dart               Conj           0%         1d3       99%         1
 Searing Ray              Conj           0%         2d4       100%        2
 Ignite Poison            Fire/Tmut/Pois 0%         N/A       100%        3
 Portal Projectile        Hex/Tloc       0%         N/A       100%        3
 Fulminant Prism          Conj/Hex       0%         3d5       100%        4
 Leda's Liquefaction      Hex/Erth       0%         N/A       100%        4
 Petrify                  Tmut/Erth      0%         N/A       100%        4
 Blade Hands              Tmut           0%         N/A       100%        5
 Freezing Cloud           Conj/Ice/Air   0%         6-21      100%        5
 Irradiate                Conj/Tmut      0%         3d11      100%        5
 Lee's Rapid Deconstruct  Erth           0%         3d4*      100%        5
 Cigotuvi's Dreadful Rot  Necr/Pois/Air  Unusable   N/A       N/A         2
 Sublimation of Blood     Necr           Unusable   N/A       N/A         2
 Tukima's Dance           Hex            Unusable   N/A       N/A         3
 Statue Form              Tmut/Erth      Unusable   N/A       N/A         6

Dungeon Overview and Level Annotations

Branches:
Dungeon (10/15)            Temple (1/1) D:5             Orc (2/2) D:10
    Elf (0/3) Orc:2
   Lair: D:8-11

Altars:
Ashenzari
Cheibriados
Dithmenos
Elyvilon
Fedhas
Gozag
Hepliaklqana
Kikubaaqudgha
Makhleb
Nemelex Xobeh
Okawaru
Qazlal
Ru
Sif Muna
Trog
Uskayaw
Vehumet
Wu Jian
Xom
Yredelemnul
Zin
The Shining One

Shops:
D:2 [   D:3 ?!


Innate Abilities, Weirdness & Mutations

You are immune to sickness and miasma.
Your stone body is resilient. (AC +8)
You are immune to poison.
You resist negative energy. (rN+)
You are resistant to electric shocks. (rElec)
You are resistant to unholy torment.
You are immune to petrification.


Message History

The orc knight is moderately wounded.
The orc knight hits you with a +0 broad axe!!
You are too injured to fight recklessly!
You are too injured to fight recklessly!
You are too injured to fight recklessly!
You are too injured to fight recklessly!
You are too injured to fight recklessly!
You are too injured to fight recklessly!
You are too injured to fight recklessly!
You are too injured to fight recklessly!
You are too injured to fight recklessly!
You are too injured to fight recklessly!
You are too injured to fight recklessly!
You are too injured to fight recklessly!
You are too injured to fight recklessly!
You are too injured to fight recklessly!
You are too injured to fight recklessly!
You sock the orc knight!
The orc knight is heavily wounded.
The orc knight hits you with a +0 broad axe!!
* * * LOW HITPOINT WARNING * * *
You hit the orc knight but do no damage.
The orc knight is heavily wounded.
The orc knight hits you with a +0 broad axe.
* * * LOW HITPOINT WARNING * * *
You barely miss the orc knight.
The orc knight is heavily wounded.
The orc knight barely misses you.
You puncture the orc knight!
The orc knight is severely wounded.
The orc knight hits you with a +0 broad axe!
* * * LOW HITPOINT WARNING * * *
You completely miss the orc knight.
The orc knight is severely wounded.
The orc knight closely misses you.
The orc knight hits you but does no damage.
You hit the orc knight.
The orc knight is almost dead.
The orc knight hits you with a +0 broad axe.
You die...

.........#.##..##..........##
.#.....<#...................#
.......#[..)...............##
....#.#.#..................##
.>..........................#
...........................##
.#.........................#
#......##..#...[.[.#.......#
##.##.######...o@.........##
####### ##..#[[......### ##
###............#.## .#
##.................# ##
#...............#.## #
##...............##
#..............##
##.......#.##.###
#........######


You could see an orc knight (strong).

Vanquished Creatures
  4 two-headed ogres (D:10)
  An orc high priest (Orc:1)
  An orc sorcerer (D:10)
  Grinder (D:6)
  Prince Ribbit (D:7)
  2 shadows (D:10)
  A vampire (D:7)
  14 yaks
  2 steam dragons
  Menkaure (D:7)
  3 wargs
  3 water moccasins
  3 sky beasts
  7 orc warriors
  2 ice beasts
  5 ogres
  4 centaurs
  2 kobold brigands
  A bullfrog (D:6)
  3 scorpions
  4 wights (D:8)
  4 killer bees (D:8)
  A howler monkey (D:9)
  3 jellies
  3 hounds
  2 gnoll boudas
  7 orc priests
  6 iguanas
  17 orc wizards
  12 adders
  11 gnolls
  A white imp (D:5)
  An ufetubus (D:6)
  2 worms
  2 dart slugs (D:4)
  55 orcs
  7 bats
  3 endoplasms
  4 giant cockroaches
  8 hobgoblins
  4 jackals (D:2)
  18 kobolds
  2 quokkas
  7 ball pythons
  2 frilled lizards
  10 goblins
  4 rats
  A spectral goblin (D:2)
262 creatures vanquished.

Vanquished Creatures (others)
  A human (D:9)
  3 fungi (Orc:2)
4 creatures vanquished.

Grand Total: 266 creatures vanquished

Notes
Turn   | Place    | Note
-------+----------+-------------------------------------------
     0 | D:1      | Dittersdorf the Gargoyle Fighter began the quest for the
                  | Orb.
     0 | D:1      | Reached XP level 1. HP: 14/14 MP: 1/1
   137 | D:1      | Reached XP level 2. HP: 18/19 MP: 2/2
   574 | D:1      | Reached XP level 3. HP: 17/24 MP: 3/3
   937 | D:2      | Reached XP level 4. HP: 27/29 MP: 4/4
   998 | D:2      | Found Xenodops's Armour Shoppe.
  1007 | D:2      | Found a faded altar of an unknown god.
  1538 | D:3      | Reached XP level 5. HP: 33/33 MP: 5/5
  1613 | D:3      | Found Fouty's Distillery.
  1661 | D:3      | Found Bafux's Magic Scroll Emporium.
  2202 | D:3      | Found a hide-covered altar of Uskayaw.
  2204 | D:3      | Noticed a +0 hand axe
  2204 | D:3      | Noticed a +0 dagger
  2224 | D:3      | Reached XP level 6. HP: 21/39 MP: 6/6
  2773 | D:4      | Reached skill level 5 in Shields
  2951 | D:4      | Found a glowing silver altar of Zin.
  3111 | D:4      | Reached skill level 5 in Fighting
  3111 | D:4      | Reached skill level 5 in Armour
  3111 | D:4      | Reached XP level 7. HP: 42/44 MP: 7/7
  3940 | D:5      | Entered Level 5 of the Dungeon
  3967 | D:5      | Found a staircase to the Ecumenical Temple.
  3977 | Temple   | Entered the Ecumenical Temple
  4033 | Temple   | Became a worshipper of Warmaster Okawaru
  4120 | D:5      | Found a sparkling altar of Nemelex Xobeh.
  4337 | D:5      | Reached * piety under Okawaru
  4338 | D:5      | Reached XP level 8. HP: 50/51 MP: 8/8
  4341 | D:5      | Found a bloodstained altar of Trog.
  4341 | D:5      | Found a faded altar of an unknown god.
  4349 | D:5      | Found a faded altar of an unknown god.
  4351 | D:5      | Found a snail-covered altar of Cheibriados.
  4352 | D:5      | Found a blossoming altar of Fedhas.
  5111 | D:6      | Identified the +4 pair of boots of Carhoykih {rC+ Int+3}
  5134 | D:6      | Reached skill level 5 in Maces & Flails
  5639 | D:6      | Noticed Grinder
  5654 | D:6      | Killed Grinder
  5654 | D:6      | Reached ** piety under Okawaru
  5690 | D:6      | Reached XP level 9. HP: 56/56 MP: 9/9
  6504 | D:7      | Noticed Prince Ribbit
  6533 | D:7      | Killed Prince Ribbit
  6590 | D:7      | Noticed Menkaure
  6595 | D:7      | Killed Menkaure
  6686 | D:7      | Reached *** piety under Okawaru
  6875 | D:7      | Found a stormy altar of Qazlal.
  6933 | D:7      | Found a broken altar of Ashenzari.
  7656 | D:8      | Reached **** piety under Okawaru
  7657 | D:8      | Reached XP level 10. HP: 64/64 MP: 10/10
  9134 | D:9      | Found an ancient bone altar of Kikubaaqudgha.
  9198 | D:9      | Received a gift from Okawaru
  9544 | D:10     | Entered Level 10 of the Dungeon
  9559 | D:10     | Reached ***** piety under Okawaru
  9631 | D:10     | Noticed a two-headed ogre
  9641 | D:10     | Killed a two-headed ogre
  9930 | D:10     | Noticed a two-headed ogre
  9939 | D:10     | Killed a two-headed ogre
  9939 | D:10     | Received a gift from Okawaru
  9940 | D:10     | Reached XP level 11. HP: 49/72 MP: 11/11
 10272 | D:10     | Reached skill level 10 in Shields
 10275 | D:10     | Reached skill level 10 in Armour
 10331 | D:10     | Found a staircase to the Orcish Mines.
 10344 | D:10     | Noticed a two-headed ogre
 10353 | D:10     | Killed a two-headed ogre
 10354 | D:10     | Reached skill level 10 in Fighting
 10423 | D:10     | Found a sacrificial altar of Ru.
 10665 | Orc:1    | Entered Level 1 of the Orcish Mines
 10672 | Orc:1    | Noticed an orc sorcerer
 10734 | D:10     | Killed an orc sorcerer
 10748 | Orc:1    | Noticed a two-headed ogre
 10773 | D:10     | Killed a two-headed ogre
 11118 | Orc:2    | Entered Level 2 of the Orcish Mines
 11118 | Orc:2    | Found a staircase to the Elven Halls.
 11324 | Orc:2    | Noticed an orc high priest
 11470 | Orc:1    | Noticed a sixfirhy
 11473 | Orc:1    | Killed an orc high priest
 11699 | Orc:2    | Reached ****** piety under Okawaru
 11735 | Orc:2    | Noticed an orc knight
 11736 | Orc:2    | Noticed an orc warlord
 11750 | Orc:1    | HP: 1/73 [orc knight/+0 broad axe (10)]
 11752 | Orc:1    | Slain by an orc knight

Illustrated notes

Levels and vault maps discovered:
D:1:      minmay_arrival_wavy_path, layout_loops_ring
D:2:      layout_loops_ring, dreamdust_ecumenical_altar_drowned_temple,
          serial_shops, nicolae_shop_tiny_waterfront
D:3:      layout_basic, dancing_weapons_uskayaw, serial_shops, shop,
          nicolae_shop_industrial_runoff, roderic_lattice_a,
          minmay_fractal_squares_diagonal_5
D:4:      layout_layer_cave, mainiacjoe_overflow_alcove_2
D:5:      layout_basic, mainiacjoe_overflow_chevrons,
          chequers_temple_overflow_minitemple, minmay_temple_entry_steel_oval
D:6:      layout_loops_corners, serial_rivers, chequers_serial_rivers_small_3,
          chequers_serial_rivers_small_b, chequers_serial_rivers_room_a,
          chequers_serial_rivers_room_b, chequers_serial_rivers_micro_a,
          chequers_serial_rivers_micro_c, abandoned_shop, uniq_grinder
D:7:      layout_basic, nicolae_ashenzari_skybound, grunt_qazlal_sundering,
          uniq_prince_ribbit1, uniq_menkaure
D:8:      layout_basic, serial_curves, eino_curves_03, eino_curves_04,
          minivault_27
D:9:      layout_roguey [special_room_orc], tgw_kikubaaqudgha
D:10:     layout_loops_ring, nicolae_overflow_hidden_temple, orc_0_dummy
Temple:   nicolae_temple_x_marks_the_god
Orc:1:    layout_caves
Orc:2:    grunt_orc_gardens, layout_caves, grunt_orc_garden, grunt_orc_garden,
          grunt_orc_garden, grunt_orc_garden, lemuel_statue_altar

Skill      XL: |  1  2  3  4  5  6  7  8  9 10 11 |
---------------+----------------------------------+-----
Armour         | 4 5 6 8 9 10 | 10.6
Shields        | 4 5 6 8 9 10 | 10.6
Fighting       | 4 5 6 8 9 10 | 10.6
Maces & Flails | 3 4 5 7 8 9 |  9.4

Action                     |  1- 3 |  4- 6 |  7- 9 | 10-12 || total
---------------------------+-------+-------+-------+-------++-------
  Melee: Flail             |    74 |   142 |   237 |    10 ||   463
         Morningstar       |       |       |       |   333 ||   333
  Throw: Dart              |       |       |       |     4 ||     4
    Use: Scroll            |       |    14 |     9 |     1 ||    24
 Armour: Scale mail        |    44 |    20 |       |       ||    64
         Chain mail        |       |    50 |   163 |       ||   213
         Plate armour      |       |       |    50 |   226 ||   276
  Dodge: Dodged            |    35 |    48 |   122 |   123 ||   328
  Block: Buckler           |    16 |    29 |    54 |   107 ||   206

Table legend: (Time is in decaauts)
 A = Elapsed time spent in this place.
 B = Non-inter-level travel time spent in this place.
 C = Inter-level travel time spent in this place.
 D = Time resting spent in this place.
 E = Time spent auto-exploring this place.
 F = Levels seen in this place.
 G = Mean time per level.
                   A        B        C        D        E       F      G
               +--------+--------+--------+--------+--------+-----+--------+
         Total |  12053 |  11492 |    561 |   1728 |   7474 |  13 |  927.2 |
       Dungeon |  11062 |  10525 |    537 |   1276 |   7222 |  10 | 1106.2 |
        Temple |     67 |     58 |      9 |      0 |     47 |   1 |   67.0 |
  Orcish Mines |    923 |    909 |     14 |    452 |    205 |   2 |  461.5 |
               +--------+--------+--------+--------+--------+-----+--------+

Top non-repeatable levels by time:
     D:6: 1445 daAuts
     D:4: 1313 daAuts
    D:10: 1313 daAuts
     D:3: 1216 daAuts
     D:8: 1208 daAuts
     D:5: 1047 daAuts
     D:9: 996 daAuts
     D:7: 978 daAuts
   Orc:1: 807 daAuts
     D:1: 798 daAuts
     D:2: 745 daAuts
   Orc:2: 115 daAuts
  Temple: 67 daAuts
